Map: Blueshift LE

Players

Crow - Winner!

  • Race: Zerg Zerg
  • Spawn Location: 7:00

AeiS

  • Race: Protoss Protoss
  • Spawn Location: 1:00

Event: WCS Montreal 2018

VOD

Have the link to the VOD?

Description

Time

  • Played on: Sept. 7, 2018, 12:50 p.m.
  • Length: 6:14

All games in this series

Show
View Real Time Build Order
Export as new Build Order

Crow Zerg - Winner!

Build Orders: Hatch First 

Get SALT Encoding   

  12  0:00  Drone  
  13  0:12  Overlord  
  13  0:18  Drone  
  14  0:31  Drone x2  
  16  0:51  Drone  
  16  0:54  Drone  
  18  0:57  Hatchery  
  18  1:02  Drone  
  18  1:08  Extractor  
  17  1:14  Spawning Pool  
  17  1:16  Drone  
  17  1:22  Drone  
  18  1:28  Drone  
  19  1:38  Overlord  
  19  1:49  Drone  
  20  1:59  Drone  
  20  2:01  Queen  
  23  2:08  Queen  
  23  2:09  Zergling x2, Metabolic Boost  
  23  2:14  Zergling x2  
  27  2:21  Zergling x2  
  28  2:28  Drone  
  29  2:30  Overlord  
  29  2:37  Queen  
  31  2:44  Queen  
  31  2:49  Drone  
  31  2:50  Drone x2  
  36  3:01  Drone x2  
  38  3:09  Drone  
  38  3:11  Overlord  
  39  3:13  Queen  
  41  3:26  Zergling x2  
  44  3:34  Zergling x8  
  48  3:43  Overlord  
  46  3:51  Overlord  
  46  3:56  Hatchery  
  46  4:15  Spine Crawler x3  
  43  4:17  Spine Crawler  
  43  4:18  Spine Crawler  
  43  4:20  Spore Crawler, Spine Crawler  
  43  4:21  Spine Crawler  
  43  4:22  Zergling x14  
  45  4:26  Spore Crawler  
  43  4:32  Zergling x2  
  43  4:33  Zergling x2  
  41  4:42  Zergling x8  
  42  4:48  Zergling x2  
  43  4:54  Zergling x2  
  43  4:58  Zergling x6  
  47  5:04  Zergling x2  
  47  5:07  Zergling x4  
  49  5:17  Queen  
  49  5:18  Zergling x4  
  53  5:27  Zergling x2  
  54  5:35  Zergling x2  
  55  5:39  Zergling x8  
  59  5:46  Overlord  
  59  5:55  Zergling x4  
Show
View Real Time Build Order
Export as new Build Order

AeiS Protoss 

Build Orders: 1 Gate Expand, Oracle Opening, Phoenix Opening 

Get SALT Encoding   

  12  0:00  Probe  
  13  0:13  Probe  
  14  0:18  Pylon  
  14  0:24  Probe  
  15  0:32  Probe  
  15  0:39  Gateway  
  15  0:40  Probe  
  16  0:48  Assimilator  
  17  0:51  Probe  
  18  1:02  Probe  
  18  1:03  Pylon  
  19  1:10  Probe  
  20  1:18  Probe  
  21  1:33  Nexus  
  21  1:43  Cybernetics Core  
  21  1:47  Probe  
  21  1:54  Assimilator  
  22  1:59  Pylon  
  22  2:02  Probe  
  23  2:13  Adept  
  23  2:17  Probe  
  26  2:24  Stargate  
  26  2:26  Warp Gate  
  26  2:29  Probe  
  27  2:38  Adept  
  27  2:43  Probe  
  30  2:45  Probe  
  31  2:55  Probe  
  31  2:56  Gateway  
  32  2:59  Probe  
  33  3:06  Gateway  
  33  3:13  Probe  
  33  3:14  Probe  
  33  3:17  Shield Battery  
  33  3:18  Sentry  
  37  3:24  Probe  
  37  3:26  Probe  
  38  3:28  Oracle  
  38  3:32  Probe  
  40  3:36  Pylon  
  40  3:38  Probe  
  41  3:45  Adept  
  41  3:46  Adept  
  46  3:53  Pylon  
  46  3:54  Probe  
  47  3:56  Adept  
  47  3:59  Phoenix  
  47  4:00  Probe  
  50  4:06  Probe  
  53  4:11  Assimilator  
  53  4:12  Probe  
  53  4:15  Assimilator  
  54  4:17  Adept  
  54  4:18  Probe  
  54  4:20  Adept  
  59  4:25  Oracle  
  60  4:41  Probe  
  60  4:45  Gateway  
  52  4:46  Gateway  
  50  4:56  Pylon, Shield Battery x2  
  48  5:00  Pylon  
  48  5:02  Stalker x2  
  48  5:04  Sentry  
  54  5:15  Robotics Facility  
  54  5:23  Void Ray  
  54  5:24  Cybernetics Core  
  54  5:25  Probe  
  55  5:32  Pylon  
  55  5:33  Pylon  
  59  5:48  Pylon  
  59  5:54  Gateway  
  59  5:57  Gateway  
  59  6:00  Gateway  
  59  6:01  Stalker x2  
Tags
 
Add a new tag
Caveats
  • Supply blocks, unpowered buildings, or Contaminate may cause inaccurate times.
  • Supply counts are checked every 10 seconds.